 Dungeon Crawl Stone Soup version 0.20.1-1-g8b1a95d (webtiles) character file.

13 Irenicus the Ruffian (level 2, -2/16 HPs)
             Began as a Vine Stalker Chaos Knight on Oct 8, 2017.
             Slain by an ogre
             ... wielding a +0 giant club
              (18 damage)
             ... on level 4 of the Dungeon.
             The game lasted 00:01:28 (718 turns).

Irenicus the Ruffian (Vine Stalker Chaos Knight)     Turns: 718, Time: 00:01:29

Health: -2/16      AC:  6    Str: 14    XL:     2   Next: 37%
Magic:  0/3        EV: 11    Int: 12    God:    Xom [..*...]
Gold:   46         SH:  0    Dex: 13    Spells: 1/1 levels left

rFire    . . .     SeeInvis .     - Unarmed
rCold    . . .     Gourm    .   (no shield)
rNeg     . . .     Faith    .   a - +2 leather armour
rPois    .         Spirit   +   (no helmet)
rElec    .         Reflect  .   (no cloak)
rCorr    .         Harm     .   (no gloves)
MR       .....                  i - +0 pair of boots
Stlth    +.........             (no amulet)
Regen    0.1/turn               (no ring)
MPRegen  0.1/turn               (no ring)

@: no status effects
A: fangs 2, magic shield, antimagic bite, no potion heal 3, rot immunity
a: Renounce Religion


You were on level 4 of the Dungeon.
You worshipped Xom.
You were a toy of Xom.
You were not hungry.

You visited 1 branch of the dungeon, and saw 3 of its levels.

You collected 46 gold pieces.

Inventory:

Armour
 a - a +2 leather armour (worn)
 i - a +0 pair of boots (worn)
 j - +0 ice dragon scales
Wands
 k - a wand of acid (4/15)
Scrolls
 c - a scroll of immolation {unknown}
 e - 2 scrolls of teleportation {unknown}
 g - 2 scrolls of identify {unknown}
 h - a scroll of remove curse {unknown}
Potions
 d - a potion of agility {unknown}
Comestibles
 b - a bread ration
 f - a meat ration


   Skills:
 - Level 3.0 Fighting
 + Level 1.7 Armour
 + Level 0.8 Dodging
 + Level 3.2 Unarmed Combat


You had one spell level left.
You didn't know any spells.

Dungeon Overview and Level Annotations

Branches:
Dungeon (2/15)

Altars:


Innate Abilities, Weirdness & Mutations

You have extremely sharp teeth.
When hurt, damage is shared between your health and your magic reserves.
Your bite disrupts and absorbs the magic of your enemies.
Potions cannot restore your health.
You are immune to rotting.


Message History

Found a silver wand.
Found two stone staircases leading up.
An ogre comes into view. It is wielding a giant club.
The ogre shouts!
Found 12 gold pieces and 19 stones.
You see here a wand of acid (?/15).
k - a wand of acid (?/15) Evoke which item? (* to show all) (? for menu, Esc to quit)
Aiming: Corrosive Bolt (will waste charges)
Press: ? - help, Shift-Dir - straight line, f - ogre
Aim: an ogre, wielding a giant club The bolt of acid hits the ogre.
The ogre is splashed with acid.
The acid corrodes the ogre!
The ogre is severely wounded.
Evoking this partially-identified wand wasted a few charges.
You hit the ogre. Your bite misses the ogre.
The ogre is severely wounded.
The ogre hits you with a giant club!!
Ouch! That really hurt!
You die...
Xom titters!

##.#........
#..#........
...........
.......... #
........<.
..##.##........
.........# #.#..
......#.##...$..
........@O.#
.........#...#
.........# ..#
.......#.# .#
.......#.# .#
.......#.# .(
.......#.# .
..... ..#


You could see an ogre.

Vanquished Creatures
  A ball python (D:1)
  2 bats (D:2)
  2 hobgoblins
  A quokka (D:2)
  2 frilled lizards
  A goblin (D:2)
  2 kobolds
  A rat (D:1)
12 creatures vanquished.

Notes
Turn   | Place    | Note
-------+----------+-------------------------------------------
     0 | D:1      | Irenicus the Vine Stalker Chaos Knight began the quest for the Orb.
     0 | D:1      | Reached XP level 1. HP: 11/11 MP: 2/2
    49 | D:1      | XOM: butterfly on damage
    74 | D:1      | XOM: divination: detect items
   594 | D:2      | XOM: butterfly on damage
   597 | D:2      | Reached XP level 2. HP: 11/16 MP: 3/3
   666 | D:2      | XOM: divination: magic mapping
   713 | D:2      | You fall through a shaft for 2 floors!
   715 | D:4      | Noticed an ogre
   718 | D:4      | Slain by an ogre

Skill      XL: |  1  2 |
---------------+-------+-----
Fighting       | 3 |  3.0
Armour         | |  1.7
Dodging        | |  0.8
Unarmed Combat | |  3.2

Action                   || total
-------------------------++-------
Melee: Unarmed           ||    39
       Bite              ||     7
Evoke: Wand              ||     1
 Stab: Sleeping          ||     2
Armor: Leather armour    ||    11
Dodge: Dodged            ||    13
